 Dungeon Crawl Stone Soup version 0.27.1 (webtiles) character file.

Game seed: 12999054733818646881

2427 ZARRMARR the Destroyer (level 9, -7/51 HPs)
             Began as an Octopode Conjurer on Sept 4, 2021.
             Was a Follower of Sif Muna.
             Mangled by an orc warrior (8 damage)
             ... on level 7 of the Dungeon.
             The game lasted 00:31:53 (6698 turns).

ZARRMARR the Destroyer (Octopode Conjurer)          Turns: 6698, Time: 00:31:53

Health: -7/51      AC:  1    Str:  2    XL:     9   Next: 48%
Magic:  13/20      EV: 13    Int: 27    God:    Sif Muna [*.....]
Gold:   315        SH:  0    Dex: 10    Spells: 16/22 levels left

rFire    . . .     SeeInvis .   l - +7 fustibalus of Foall {flame, Will+ Str-4 Int+3}
rCold    . . .     Faith    .   (no shield)
rNeg     . . .     Spirit   .   (helmet restricted)
rPois    .         Reflect  .   b - amulet of magic regeneration
rElec    .         Harm     .   (no ring)
rCorr    .         Rampage  .   (no ring)
Will     +....                  (no ring)
Stlth    +++.......             (no ring)
HPRegen  0.17/turn              (no ring)
MPRegen  0.42/turn              (no ring)
                                (no ring)
                                (no ring)

@: no status effects
A: almost no armour, amphibious, 8 rings, camouflage 1, gelatinous body 1,
(nimble swimmer 1), tentacles
a: Renounce Religion, Channel Magic


You were on level 7 of the Dungeon.
You worshipped Sif Muna.
Sif Muna was aware of your devotion.
You visited 2 branches of the dungeon, and saw 8 of its levels.
You also visited: Sewer.

You collected 315 gold pieces.

Inventory:

Hand Weapons
 l - the +7 fustibalus of Foall (weapon) {flame, Will+ Str-4 Int+3}
   (You found it in a sewer)

   Any ammunition fired from it burns those it strikes, dealing additional fire
   damage.
   Str:       It affects your strength (-4).
   Int:       It affects your intelligence (+3).
   Will:      It increases your willpower.
Missiles
 m - 97 sling bullets (quivered ammo)
Magical Staves
 w - a staff of earth
Jewellery
 b - an amulet of magic regeneration (around mantle)
Wands
 t - a wand of flame (30)
Scrolls
 d - a scroll of holy word {unknown}
 e - 5 scrolls of teleportation
 h - 3 scrolls of enchant weapon {unknown}
 j - 4 scrolls of identify {unknown}
 k - 2 scrolls of noise {unknown}
 n - 2 scrolls of amnesia {unknown}
 o - a scroll of fog {unknown}
 r - 2 scrolls of enchant armour {unknown}
 u - a scroll of magic mapping {unknown}
 v - a scroll of blinking {unknown}
Potions
 a - 2 potions of haste {unknown}
 c - 2 potions of curing
 f - 2 potions of brilliance {unknown}
 g - 3 potions of attraction {unknown}
 i - 5 potions of heal wounds
 p - a potion of magic {unknown}
 q - 2 potions of lignification {unknown}
 s - a potion of flight {unknown}


   Skills:
 + Level 4.3 Slings
 - Level 2.0 Dodging
 - Level 2.6 Stealth
 + Level 7.3 Spellcasting
 + Level 8.8 Conjurations
 + Level 3.6 Hexes


You had 16 spell levels left.
You knew the following spells:

 Your Spells              Type           Power      Damage    Failure   Level
a - Magic Dart            Conj           100%       1d8       1%          1
b - Searing Ray           Conj           100%       3d7       1%          2
c - Dazzling Flash        Conj/Hex       86%        N/A       1%          3

Your spell library contained the following spells:

 Spells                   Type           Power      Damage    Failure   Level
 Corona                   Hex            32%        N/A       1%          1
 Tukima's Dance           Hex            29%        N/A       3%          3
 Ensorcelled Hibernation  Hex/Ice        38%        N/A       4%          2
 Fulminant Prism          Conj/Hex       21%        3d13      4%          4
 Iskenderun's Mystic Bla  Conj/Tloc      33%        2d8       10%         4
 Spider Form              Tmut/Pois      4%         N/A       17%         3
 Shadow Creatures         Summ           N/A        N/A       100%        6


Dungeon Overview and Level Annotations

Branches:
Dungeon (7/15)             Temple (1/1) D:4           Sewer (visited)

Altars:
Cheibriados
Dithmenos
Elyvilon
Gozag
Hepliaklqana
Kikubaaqudgha
Makhleb
Nemelex Xobeh
Okawaru
Qazlal
Ru
Sif Muna
Trog
Uskayaw
Vehumet
Wu Jian
Yredelemnul
Zin
The Shining One

Shops:
D:1 [

Annotations:
D:7 Dowan


Innate Abilities, Weirdness & Mutations

You cannot wear most types of armour.
You are amphibious.
You can wear up to eight rings at the same time.
Your skin changes colour to match your surroundings (Stealth+).
Your rubbery body absorbs attacks. (AC +1, EV +1)
((You are camouflaged near water. (Stealth+)))
You have tentacles for arms and can constrict up to eight enemies at once.


Message History

Unknown command.
Fire: 98 sling bullets
Press: ? - help, Q - select action, (/) - cycle Shift-Dir - straight line, f/p - orc warrior
Aim: an orc warrior, wielding a +0 trident and wearing a +0 plate armour (63% to hit)
You shoot a sling bullet.
The sling bullet hits the orc warrior but does no damage.
Casting: Magic Dart (safe; 1% risk of failure)
Confirm with . or Enter, or press ? or * to list all spells.
Aiming: Searing Ray (safe; 1% risk of failure)
Press: ? - help, Shift-Dir - straight line, f/p - orc warrior
Aim: an orc warrior, wielding a +0 trident and wearing a +0 plate armour (83% to hit)
The searing ray hits the orc warrior.
The orc warrior is lightly wounded. (Press . to maintain the ray.)
The searing ray hits the orc warrior.
The orc warrior is moderately wounded.
Unknown command.
The searing ray hits the orc warrior.
The orc warrior is heavily wounded.
The orc warrior hits you from afar with a +0 trident!
Unknown command.
The searing ray hits the orc warrior!
The orc warrior is almost dead.
You finish channeling your searing ray.
The orc warrior hits you from afar with a +0 trident!
Unknown command.
Casting: Searing Ray (safe; 1% risk of failure)
Confirm with . or Enter, or press ? or * to list all spells.
Aiming: Searing Ray (safe; 1% risk of failure)
Press: ? - help, Shift-Dir - straight line, f/p - orc warrior
Aim: an orc warrior, wielding a +0 trident and wearing a +0 plate armour (almost dead, 83% to hit)
The searing ray misses the orc warrior. (Press . to maintain the ray.)
The orc warrior hits you from afar with a +0 trident!
* * * LOW HITPOINT WARNING * * *
The searing ray misses the orc warrior.
The orc warrior misses you.
Unknown command.
The searing ray misses the orc warrior.
The orc warrior hits you from afar with a +0 trident!
You die...

####.##.#
#.##..............
........#
#.##############.#
####.#### #.# #.#
..##.# #.# #.#
..##.# #.# #.#
..##.## #.# #.#
.##.>.##### #.#
######..
..........## #.#
#.......
###........#####@#
#.#####.
##.#...(.).oo>.#
#.#.....
#.#...((#######
#.#.##..
#.......#########
###.....##
####.#.............#
##....#..#
.....#.#.#########.#
#........##
###..#.#.#
#.####..........
#....#.#
#.##.........##.
###.[#...#
#.##.....)..###.


You could see an orc warrior and an orc.

Vanquished Creatures
  An unseen horror (D:7)
  3 water moccasins
  Duvessa (D:7)
  3 sky beasts
  A necrophage (D:5)
  A centaur (D:5)
  An ogre (D:6)
  The ghost of bronco the Grave Robber, an amateur DsNe (D:3)
  A bullfrog (Sewer)
  3 scorpions (D:6)
  A centaur zombie (D:7)
  A gnoll shaman (D:5)
  A hound (D:6)
  5 orc priests
  2 bullfrog skeletons
  2 centaur skeletons
  2 jellies (D:5)
  3 iguanas
  Crazy Yiuf (D:3)
  6 orc wizards
  A hound skeleton (D:5)
  3 gnolls (D:5)
  9 adders
  A worm (D:4)
  A dart slug (D:2)
  17 orcs
  6 endoplasms
  8 giant cockroaches
  7 hobgoblins
  2 jackals (D:2)
  6 kobolds
  4 quokkas
  10 ball pythons
  3 bats
  10 frilled lizards
  8 goblins
  8 rats
144 creatures vanquished.

Notes
Turn   | Place    | Note
-------+----------+-------------------------------------------
     0 | D:1      | ZARRMARR the Octopode Conjurer began the quest for the Orb.
     0 | D:1      | Reached XP level 1. HP: 11/11 MP: 3/3
   150 | D:1      | Reached XP level 2. HP: 17/17 MP: 0/5
   481 | D:1      | Found Qouduewo's Armour Shop.
   714 | D:2      | Found a glowing golden altar of the Shining One.
   770 | D:2      | Reached XP level 3. HP: 14/21 MP: 0/6
  1481 | D:2      | Reached XP level 4. HP: 27/27 MP: 5/8
  1559 | D:3      | Reached skill level 5 in Conjurations
  1573 | D:3      | You fall into a shaft and drop 2 floors!
  1573 | D:5      | Entered Level 5 of the Dungeon
  1643 | D:6      | Noticed a scorpion
  1644 | D:6      | Reached XP level 5. HP: 29/31 MP: 6/10
  1672 | D:6      | Learned a level 2 spell: Searing Ray
  1737 | D:6      | Noticed an ogre
  1856 | D:6      | Reached XP level 6. HP: 22/36 MP: 8/12
  2117 | D:6      | Reached skill level 6 in Conjurations
  2234 | D:6      | Found a shadowy altar of Dithmenos.
  2316 | D:5      | Noticed a water moccasin
  2330 | D:5      | Found an iron altar of Okawaru.
  2341 | D:5      | Killed a water moccasin
  2342 | D:5      | Reached XP level 7. HP: 40/41 MP: 6/14
  2388 | D:5      | Reached skill level 5 in Spellcasting
  2749 | D:4      | Found a staircase to the Ecumenical Temple.
  2805 | D:4      | Reached skill level 7 in Conjurations
  2919 | D:4      | Found a glowing drain.
  2946 | Sewer    | Entered a sewer
  3153 | Sewer    | Identified the +7 fustibalus of Foall {flame, Will+ Str-4
                  | Int+3}
  3196 | D:4      | Reached XP level 8. HP: 46/46 MP: 12/16
  3688 | D:3      | Found a bloodstained altar of Trog.
  3758 | D:3      | Found a runed translucent gate.
  3759 | D:3      | Found a runed translucent gate.
  3760 | D:3      | Found a runed translucent gate.
  3893 | D:3      | Found a radiant altar of Vehumet.
  3904 | D:3      | Found a hazy altar of Hepliaklqana.
  3904 | D:3      | Found a burning altar of Makhleb.
  3922 | D:3      | Found an ancient bone altar of Kikubaaqudgha.
  4000 | D:3      | Noticed bronco's ghost (amateur DsNe)
  4034 | D:3      | Found a runed translucent door.
  4035 | D:3      | Noticed Crazy Yiuf
  4090 | D:3      | Found an opulent altar of Gozag.
  4198 | D:3      | Killed bronco's ghost
  4199 | D:3      | Reached skill level 1 in Slings
  4267 | D:3      | Killed Crazy Yiuf
  4405 | Temple   | Entered the Ecumenical Temple
  4514 | Temple   | Became a worshipper of Sif Muna the Loreminder
  4912 | D:5      | Learned a level 3 spell: Dazzling Flash
  5010 | D:6      | Reached skill level 8 in Conjurations
  5010 | D:6      | Reached skill level 1 in Hexes
  5099 | D:6      | Found a white marble altar of Elyvilon.
  5447 | D:7      | Reached XP level 9. HP: 41/51 MP: 13/19
  5654 | D:7      | Killed an unseen horror
  5890 | D:7      | Noticed Duvessa
  5901 | D:7      | Noticed Dowan
  5909 | D:7      | Killed Duvessa
  6603 | D:7      | Found a glowing silver altar of Zin.
  6678 | D:7      | Reached * piety under Sif Muna
  6696 | D:7      | HP: 1/51 [orc warrior (15)]
  6698 | D:7      | Mangled by an orc warrior

Illustrated notes

Levels and vault maps discovered:
D:1:      dpeg_arrival_pond, layout_basic, serial_shops, shop
D:2:      layout_basic, basic_altar, kennysheep_potato
D:3:      layout_rooms, trog_butcher_becter, grunt_temple_overflow_open,
          mainiacjoe_overflow_cross_hatched, gammafunk_ghost_split,
          kennysheep_crisscross, uniq_crazy_yiuf_cottage
D:4:      layout_basic, temple_pool_b, gup_sewer_entry_glass
D:5:      layout_rooms, lemuel_tele_altar
D:6:      layout_basic, mainiacjoe_overflow_catch_the_wave,
          chequers_serial_rivers_large_a, nicolae_underground_beach
D:7:      layout_loops_ring, zin_treasury, uniq_duvessa
Temple:   kb_temple_of_zot

Skill      XL: |  1  2  3  4  5  6  7  8  9 |
---------------+----------------------------+-----
Spellcasting   | 3 4 5 6 7 |  7.3
Conjurations   | 5 6 7 8 |  8.8
Slings         | 3 4 |  4.3
Hexes          | 2 3 |  3.6
Dodging        | |  2.0
Stealth        | |  2.6

Action                   |  1- 3 |  4- 6 |  7- 9 || total
-------------------------+-------+-------+-------++-------
Melee: Unarmed           |     7 |     7 |     9 ||    23
       Constrict         |     4 |     3 |     2 ||     9
       Tentacles         |       |     2 |     2 ||     4
 Fire: Fustibalus        |       |       |    30 ||    30
 Cast: Magic Dart        |    84 |    33 |    89 ||   206
       Searing Ray       |       |     6 |    84 ||    90
  Use: Scroll            |       |     2 |     1 ||     3
       Potion            |       |       |     2 ||     2
 Stab: Sleeping          |       |     1 |       ||     1
Armor: Skin              |     1 |     1 |     1 ||     3
Dodge: Dodged            |     5 |    14 |    16 ||    35
